 Dungeon Crawl Stone Soup version 0.26-a0-812-g31a745ddcd (webtiles) character file.

Game seed: 13594994077600892522

11503 Lugonue the Destroyer (level 11, -6/83 HPs)
             Began as a Gnoll Conjurer on Nov 27, 2020.
             Was a High Priest of Uskayaw.
             Mangled by a wolf (8 damage)
             ... in a Gauntlet.
             The game lasted 00:20:53 (12587 turns).

Lugonue the Destroyer (Gnoll Conjurer)             Turns: 12587, Time: 00:20:53

Health: -6/83      AC: 10    Str: 14    XL:     11   Next: 78%
Magic:  23/23      EV: 16    Int: 20    God:    Uskayaw [*****.]
Gold:   720        SH:  0    Dex: 13    Spells: 16/26 levels left

rFire    . . .     SeeInvis .   C - +3 demon whip (vamp)
rCold    . . .     Faith    +   (no shield)
rNeg     . . .     Spirit   .   F - +0 acid dragon scales
rPois    +         Reflect  .   t - +0 helmet
rElec    .         Harm     .   h - scarf {+Inv}
rCorr    +         Rampage  .   (no gloves)
MR       .....     NoTele   +   i - +0 pair of boots
Stlth    ++++......             s - amulet of faith
HPRegen  0.23/turn              d - ring of poison resistance
MPRegen  0.18/turn              E - ring of the Sun {Slay+5 Stlth+}

@: no status effects
A: distributed training, fangs 1, strong nose
a: Stomp, Line Pass, Grand Finale, Renounce Religion, Evoke Invisibility


You were in a Gauntlet.
You worshipped Uskayaw.
Uskayaw was noncommittal.
You visited 2 branches of the dungeon, and saw 12 of its levels.
You also visited: Gauntlet.

You collected 790 gold pieces.
You spent 70 gold pieces at shops.

Inventory:

Hand Weapons
 a - a +2 vorpal flail
 x - a +5 scimitar of venom
 C - a +3 vampiric demon whip (weapon)
Armour
 h - a scarf of invisibility (worn)
 i - a +0 pair of boots (worn)
 t - a +0 helmet (worn)
 F - +0 acid dragon scales (worn)
Magical Staves
 e - an uncursed staff of death
Jewellery
 d - a ring of poison resistance (left hand)
 p - an uncursed amulet of guardian spirit
 s - an amulet of faith (around neck)
 E - the ring of the Sun (right hand) {Slay+5 Stlth+}
   (You found it on level 8 of the Dungeon)

   [ring of stealth]

   It affects your accuracy and damage with ranged weapons and melee attacks
   (+5).
   It makes you more stealthy.
 G - an uncursed amulet of the acrobat {unknown}
 J - an uncursed ring of protection from cold
Wands
 c - a wand of disintegration (10)
 y - a wand of random effects (21)
 D - a wand of iceblast (8)
 I - a wand of enslavement (10)
Scrolls
 f - a scroll of fog {unknown}
 j - 6 scrolls of remove curse
 l - 10 scrolls of teleportation
 n - 3 scrolls of identify
 q - 3 scrolls of amnesia
Potions
 b - 4 potions of magic
 g - 8 potions of curing
 k - 2 potions of lignification
 m - a potion of might
 o - a potion of attraction
 r - 2 potions of haste {unknown}
 u - a potion of flight {unknown}
 v - a potion of resistance {unknown}
 z - 2 potions of brilliance {unknown}
 A - 2 potions of mutation {unknown}
 B - 3 potions of degeneration {unknown}


   Skills:
 + Level 6.6 Fighting
 + Level 6.6 Short Blades
 + Level 6.6 Long Blades
 + Level 6.6 Axes
 + Level 6.6 Maces & Flails
 + Level 6.6 Polearms
 + Level 6.6 Staves
 + Level 6.6 Slings
 + Level 6.6 Bows
 + Level 6.6 Crossbows
 + Level 6.6 Throwing
 + Level 6.6 Armour
 + Level 8.1 Dodging
 + Level 7.9 Stealth
 + Level 6.6 Shields
 + Level 6.6 Unarmed Combat
 + Level 8.4 Spellcasting
 + Level 9.1 Conjurations
 + Level 5.5 Hexes
 + Level 5.5 Summonings
 + Level 5.5 Necromancy
 + Level 5.5 Translocations
 + Level 5.5 Transmutations
 + Level 5.5 Fire Magic
 + Level 5.5 Ice Magic
 + Level 5.5 Air Magic
 + Level 5.5 Earth Magic
 + Level 5.5 Poison Magic
 + Level 7.2 Invocations
 + Level 6.6 Evocations


You had 16 spell levels left.
You knew the following spells:

 Your Spells              Type           Power        Failure   Level
a - Magic Dart            Conj           ####         1%          1
b - Searing Ray           Conj           #####.       1%          2
c - Tukima's Dance        Hex            ####....     3%          3
d - Petrify               Tmut/Erth      ####....     12%         4

Your spell library contained the following spells:

 Spells                   Type           Power        Failure   Level
 Corona                   Hex            ####...      1%          1
 Ensorcelled Hibernation  Hex/Ice        ####..       1%          2
 Dazzling Flash           Conj/Hex       #####.       1%          3
 Confusing Touch          Hex            ####....     3%          3
 Gell's Gravitas          Tloc           ####......   3%          3
 Fulminant Prism          Conj/Hex       #####.....   5%          4
 Iskenderun's Mystic Bla  Conj/Tloc      #####...     5%          4
 Metabolic Englaciation   Hex/Ice        ####......   32%         5
 Yara's Violent Unravell  Hex/Tmut       ####......   32%         5


Dungeon Overview and Level Annotations

Branches:
Dungeon (9/15)             Temple (0/1) D:6            Lair (3/6) D:9
Gauntlet (1/1)
  Swamp: Lair:2-4    Shoals: Lair:2-4     Snake: Lair:2-4    Spider: Lair:2-4
    Orc: D:9-12

Altars:
Cheibriados
Dithmenos
Fedhas
Gozag
Hepliaklqana
Trog
Uskayaw
Wu Jian
Xom
Yredelemnul
Zin

Shops:
D:5 !   D:8 =

Portals:
Abyss: D:3

Annotations:
D:3 2 transporters, Blackmass's ghost, amateur OpTm
D:4 1 runed translucent door, Danir's ghost, amateur DsFi
D:6 1 runed translucent door, arkorax's ghost, novice HaHu Gauntlet 5 transporters, 1 runed translucent door


Innate Abilities, Weirdness & Mutations

Your experience applies equally to all skills.
You have very sharp teeth.
Your uncanny sense of smell can sniff out nearby items.


Message History

You kill the wolf!
The wolf closely misses you. The wolf barely misses you.
Unknown command.
Evoke which item? (* to show all) (? for menu, Esc to quit)
Okay, then.
Unknown command.
Casting: Petrify (dangerous; 12% risk of failure)
Confirm with . or Enter, or press ? or * to list all spells.
Okay, then.
Unknown command.
Okay, then.
Unknown command.
You feel better. The wolf bites you.
* * * LOW HITPOINT WARNING * * *
The wolf bites you!
* * * LOW HITPOINT WARNING * * *
You feel better. The wolf closely misses you. The wolf bites you!
* * * LOW HITPOINT WARNING * * *
The wolf bites you!
You die...

# #######§#≈#≈#§#≈#§####
##≈#≈#≈#≈#§#...........#≈#≈
§....§§.......∩..8..∩.§....
#.....§©.........©.........
≈..#########.#########.####
#..#..#.#..#.#©..#bt.#.#35.
§..#.#.#.#.#.###.#b#.#.##..
#..#.#.#.#.#.#...#.#.#.###.
≈..#..#©#†@#.#.###.#.#.#5##
#..#.#.#.#h#.#.#...#?#.#...
≈..#.#.#.#†#.#+#.###[#.#..#
#§.#..#©#[.#.#...# ..#.#.##
..#######################
#...#.©.........©
§...#...........©
##..#############
#≈.........#.....


You could see a wolf (berserk).

Vanquished Creatures
  A hydra (Lair:1)
  Pikel (D:6)
  A centaur zombie (D:9)
  2 black mambas
  3 cane toads
  Maggie (D:8)
  3 komodo dragons
  2 polar bears (Lair:1)
  Prince Ribbit (D:5)
  3 blink frogs (Lair:1)
  Grinder (D:5)
  7 yaks (Lair:1)
  A wyvern (Lair:3)
  Edmund (D:5)
  4 water moccasins
  A sky beast (D:7)
  3 ice beasts
  3 orc warriors
  4 phantoms
  3 wolves (Gauntlet)
  2 black bears
  3 centaurs
  3 ogres
  A lemure (D:5)
  A big kobold (D:7)
  8 bullfrogs
  4 scorpions
  3 killer bees (D:6)
  10 wights
  5 hounds
  A bullfrog skeleton (D:9)
  3 orc priests
  4 iguanas
  Ijyb (D:5)
  8 worker ants
  3 orc wizards
  Terence (D:2)
  A hound zombie (D:5)
  A hound skeleton (D:4)
  6 gnolls
  11 adders
  A shadow imp (D:8)
  A white imp (D:8)
  An ooze (D:1)
  5 ufetubi
  An adder skeleton (D:4)
  3 worms
  4 dart slugs
  4 leopard geckos
  31 orcs
  7 bats
  4 giant cockroaches
  7 hobgoblins
  2 jackals (D:7)
  4 quokkas
  3 ball pythons
  7 frilled lizards
  7 goblins
  10 kobolds
  9 rats
237 creatures vanquished.

Vanquished Creatures (others)
  A moth of wrath (Gauntlet)
  A dancing weapon (D:7)
  2 plants (Lair:3)
4 creatures vanquished.

Grand Total: 241 creatures vanquished

Notes
Turn   | Place    | Note
-------+----------+-------------------------------------------
     0 | D:1      | Lugonue the Gnoll Conjurer began the quest for the Orb.
     0 | D:1      | Reached XP level 1. HP: 13/13 MP: 6/6
    41 | D:1      | Reached XP level 2. HP: 19/19 MP: 2/7
   558 | D:1      | Reached XP level 3. HP: 13/25 MP: 6/9
   968 | D:1      | Reached skill level 5 in Spellcasting
  1239 | D:2      | Found a faded altar of an unknown god.
  1254 | D:2      | Became a worshipper of Uskayaw the Reveller
  1254 | D:2      | Reached * piety under Uskayaw
  1583 | D:2      | Reached skill level 1 in Invocations
  1930 | D:2      | Reached ** piety under Uskayaw
  2130 | D:2      | Reached skill level 1 in Fighting
  2130 | D:2      | Reached skill level 1 in Short Blades
  2130 | D:2      | Reached skill level 1 in Long Blades
  2130 | D:2      | Reached skill level 1 in Axes
  2130 | D:2      | Reached skill level 1 in Maces & Flails
  2130 | D:2      | Reached skill level 1 in Polearms
  2130 | D:2      | Reached skill level 1 in Staves
  2130 | D:2      | Reached skill level 1 in Slings
  2130 | D:2      | Reached skill level 1 in Bows
  2130 | D:2      | Reached skill level 1 in Crossbows
  2130 | D:2      | Reached skill level 1 in Throwing
  2130 | D:2      | Reached skill level 1 in Armour
  2130 | D:2      | Reached skill level 1 in Shields
  2130 | D:2      | Reached skill level 1 in Unarmed Combat
  2130 | D:2      | Reached skill level 1 in Evocations
  2167 | D:2      | Noticed Terence
  2172 | D:2      | Learned a level 2 spell: Searing Ray
  2178 | D:2      | Killed Terence
  2178 | D:2      | Reached XP level 4. HP: 32/32 MP: 6/11
  2439 | D:2      | Found a bloodstained altar of Trog.
  2696 | D:3      | Found a glowing silver altar of Zin.
  2697 | D:3      | Found a hide-covered altar of Uskayaw.
  2697 | D:3      | Found an opulent altar of Gozag.
  2698 | D:3      | Found a blossoming altar of Fedhas.
  2727 | D:3      | Reached skill level 1 in Hexes
  2727 | D:3      | Reached skill level 1 in Summonings
  2727 | D:3      | Reached skill level 1 in Necromancy
  2727 | D:3      | Reached skill level 1 in Translocations
  2727 | D:3      | Reached skill level 1 in Transmutations
  2727 | D:3      | Reached skill level 1 in Fire Magic
  2727 | D:3      | Reached skill level 1 in Ice Magic
  2727 | D:3      | Reached skill level 1 in Air Magic
  2727 | D:3      | Reached skill level 1 in Earth Magic
  2727 | D:3      | Reached skill level 1 in Poison Magic
  2727 | D:3      | Reached *** piety under Uskayaw
  3151 | D:3      | Found a transporter.
  3382 | D:3      | Reached XP level 5. HP: 35/37 MP: 12/12
  3424 | D:3      | Found a transporter.
  3425 | D:3      | Noticed a small abomination
  3442 | D:3      | Identified the +2 rapier of Defiance {distort, rF++ MR-
                  | Str+2 Int+2}
  3442 | D:3      | Noticed a big kobold
  3450 | D:3      | Noticed a small abomination
  3454 | D:3      | Found a one-way gate to the infinite horrors of the Abyss.
  3454 | D:3      | Noticed Blackmass's ghost (amateur OpTm)
  3460 | D:3      | Noticed a small abomination
  4210 | D:4      | Noticed a phantom
  4232 | D:4      | Killed a phantom
  4232 | D:4      | Reached XP level 6. HP: 32/44 MP: 2/14
  4369 | D:4      | Reached skill level 5 in Dodging
  4647 | D:4      | Found a runed translucent door.
  4647 | D:4      | Noticed Danir's ghost (amateur DsFi)
  4913 | D:5      | Entered Level 5 of the Dungeon
  4975 | D:5      | Reached XP level 7. HP: 19/50 MP: 12/15
  5244 | D:5      | Noticed Grinder
  5244 | D:5      | Noticed Ijyb
  5258 | D:5      | Killed Ijyb
  5261 | D:5      | Paralysed by Grinder for 2 turns
  5261 | D:5      | Reached **** piety under Uskayaw
  5263 | D:5      | Killed Grinder
  5263 | D:5      | Reached skill level 5 in Stealth
  5437 | D:5      | Noticed Prince Ribbit
  5454 | D:5      | Killed Prince Ribbit
  5454 | D:5      | Reached XP level 8. HP: 12/57 MP: 13/16
  6622 | D:5      | Found Sometz's Distillery.
  6622 | D:5      | Noticed Edmund
  6633 | D:5      | Killed Edmund
  6640 | D:5      | Bought a potion of heal wounds for 70 gold pieces
  6743 | D:6      | Noticed Pikel
  6872 | D:6      | Reached XP level 9. HP: 65/65 MP: 13/18
  6966 | D:6      | Reached ***** piety under Uskayaw
  7049 | D:6      | Found a runed translucent door.
  7050 | D:6      | Noticed arkorax's ghost (novice HaHu)
  7073 | D:6      | Noticed a centaur warrior
  7244 | D:6      | Reached skill level 8 in Conjurations
  7318 | D:6      | Killed Pikel
  7782 | D:6      | Reached skill level 5 in Invocations
  8027 | D:6      | Found a staircase to the Ecumenical Temple.
  8090 | D:6      | Learned a level 3 spell: Tukima's Dance
  8374 | D:7      | Reached XP level 10. HP: 47/73 MP: 8/20
  8710 | D:7      | Reached skill level 5 in Fighting
  8710 | D:7      | Reached skill level 5 in Short Blades
  8710 | D:7      | Reached skill level 5 in Long Blades
  8710 | D:7      | Reached skill level 5 in Axes
  8710 | D:7      | Reached skill level 5 in Maces & Flails
  8710 | D:7      | Reached skill level 5 in Polearms
  8710 | D:7      | Reached skill level 5 in Staves
  8710 | D:7      | Reached skill level 5 in Slings
  8710 | D:7      | Reached skill level 5 in Bows
  8710 | D:7      | Reached skill level 5 in Crossbows
  8710 | D:7      | Reached skill level 5 in Throwing
  8710 | D:7      | Reached skill level 5 in Armour
  8710 | D:7      | Reached skill level 5 in Shields
  8710 | D:7      | Reached skill level 5 in Unarmed Combat
  8710 | D:7      | Reached skill level 5 in Evocations
  8732 | D:7      | Found a hazy altar of Hepliaklqana.
  8735 | D:7      | Found an ornate altar of the Wu Jian Council.
  8738 | D:7      | Found a basalt altar of Yredelemnul.
  9410 | D:8      | Got a pitted bronze ring
  9413 | D:8      | Identified the ring of the Sun {Slay+5 Stlth+} (You found
                  | it on level 8 of the Dungeon)
  9477 | D:8      | Found a snail-covered altar of Cheibriados.
  9492 | D:8      | Found a shimmering altar of Xom.
  9507 | D:8      | Found Rinousen's Jewellery Shop.
  9743 | D:8      | Noticed Maggie
  9750 | D:8      | Killed Maggie
  9822 | D:8      | Found a shadowy altar of Dithmenos.
 10576 | D:9      | Found a staircase to the Lair.
 10616 | Lair:1   | Entered Level 1 of the Lair of Beasts
 10635 | Lair:1   | Noticed a black mamba
 10690 | Lair:1   | Noticed a cane toad
 10724 | Lair:1   | Killed a cane toad
 10750 | Lair:1   | Reached ****** piety under Uskayaw
 10979 | Lair:1   | Reached XP level 11. HP: 81/81 MP: 22/22
 11036 | Lair:1   | Noticed a six-headed hydra
 11047 | Lair:1   | Killed a six-headed hydra
 11047 | Lair:1   | Reached skill level 5 in Hexes
 11047 | Lair:1   | Reached skill level 5 in Summonings
 11047 | Lair:1   | Reached skill level 5 in Necromancy
 11047 | Lair:1   | Reached skill level 5 in Translocations
 11047 | Lair:1   | Reached skill level 5 in Transmutations
 11047 | Lair:1   | Reached skill level 5 in Fire Magic
 11047 | Lair:1   | Reached skill level 5 in Ice Magic
 11047 | Lair:1   | Reached skill level 5 in Air Magic
 11047 | Lair:1   | Reached skill level 5 in Earth Magic
 11047 | Lair:1   | Reached skill level 5 in Poison Magic
 11683 | Lair:2   | Found a snail-covered altar of Cheibriados.
 11845 | Lair:2   | Reached skill level 9 in Conjurations
 12024 | Lair:2   | Learned a level 4 spell: Petrify
 12495 | Lair:3   | Found a gate leading to a gauntlet.
 12513 | Gauntlet | Entered a Gauntlet
 12513 | Gauntlet | Found a transporter.
 12513 | Gauntlet | Found a transporter.
 12513 | Gauntlet | Noticed a sixfirhy
 12513 | Gauntlet | Noticed a fire crab
 12519 | Gauntlet | Found a transporter.
 12539 | Gauntlet | Found a transporter.
 12540 | Gauntlet | Found a runed translucent door.
 12541 | Gauntlet | Found a transporter.
 12542 | Gauntlet | Noticed a moth of wrath
 12563 | Gauntlet | Found a transporter.
 12587 | Gauntlet | HP: 2/83 [wolf (15)]
 12587 | Gauntlet | Mangled by a wolf

Illustrated notes

Levels and vault maps discovered:
D:1:      heliophobic_arrival_glass_houses, layout_basic,
          hangedman_decor_clover_reticule, hex_intersection, chequers_jeans,
          bh_walls_and_bars
D:2:      layout_loops_ring, nicolae_overflow_hidden_temple,
          chequers_ecumenical_altar_twisty, serial_co_window_serial,
          co_window_of_opportunity_a, co_window_corner_a, co_window_paths_b,
          co_window_of_opportunity_a, co_window_paths_b, co_window_cross_1,
          co_window_of_opportunity_a, co_window_corner_b,
          co_window_unsneaky_path_d, co_window_corner_cb, co_window_broadway_a,
          co_window_broadway_c, co_window_paths_d, glass_columns_c,
          glass_columns_a, glass_columns_a, uniq_terence
D:3:      minmay_evil_eye, layout_basic,
          chequers_temple_overflow_statue_of_worship,
          gammafunk_ghost_abyssal_escape
D:4:      kennysheep_spiral_hall, layout_basic, gammafunk_ghost_grave,
          roderic_lattice_a
D:5:      layout_gridville, serial_shops, kennysheep_little_box, uniq_grinder,
          uniq_edmund, uniq_ijyb, uniq_prince_ribbit1
D:6:      layout_basic, temple_hall, ebering_ghost_inner_flame, uniq_pikel
D:7:      layout_loops_corners, grunt_temple_overflow_diamond
D:8:      layout_loops_corners, lemuel_round_altar, lemuel_crystal_altar,
          serial_shops, nicolae_shop_statue_plus, hangedman_decor_lopped,
          chei_slow_surprise, uniq_maggie
D:9:      layout_small_grid, nicolae_ru_awakened_eye, lair_entry_dummy,
          kennysheep_generic_room_2
Lair:1:   layout_hall_layers
Lair:2:   layout_hall_layers, basic_altar, lemuel_fruit_fields,
          grunt_megastairs_3
Lair:3:   layout_regular_city, gauntlet_entry_generic, grunt_megastairs_5,
          serial_bayou_shore_b, lemuel_fruit_fields
Gauntlet: gammafunk_gauntlet_mixed_choke_point [minmay_gauntlet_arena_77_fan,
          minmay_gauntlet_arena_77_path, minmay_gauntlet_arena_77_braids,
          gammafunk_gauntlet_arena_hedges, minmay_gauntlet_arena_77_museum,
          minmay_gauntlet_arena_77_radiant_squares,
          minmay_gauntlet_arena_77_tiled_triplets,
          nicolae_gauntlet_exit_dead_adventurers]

Skill      XL: |  1  2  3  4  5  6  7  8  9 10 11 |
---------------+----------------------------------+-----
Spellcasting   | 5 6 7 8 |  8.4
Invocations    | 1 2 3 4 5 6 7 |  7.2
Fighting       | 1 2 3 4 5 6 |  6.6
Short Blades   | 1 2 3 4 5 6 |  6.6
Long Blades    | 1 2 3 4 5 6 |  6.6
Axes           | 1 2 3 4 5 6 |  6.6
Maces & Flails | 1 2 3 4 5 6 |  6.6
Polearms       | 1 2 3 4 5 6 |  6.6
Staves         | 1 2 3 4 5 6 |  6.6
Slings         | 1 2 3 4 5 6 |  6.6
Bows           | 1 2 3 4 5 6 |  6.6
Crossbows      | 1 2 3 4 5 6 |  6.6
Throwing       | 1 2 3 4 5 6 |  6.6
Armour         | 1 2 3 4 5 6 |  6.6
Shields        | 1 2 3 4 5 6 |  6.6
Unarmed Combat | 1 2 3 4 5 6 |  6.6
Evocations     | 1 2 3 4 5 6 |  6.6
Hexes          | 1 2 3 4 5 |  5.5
Summonings     | 1 2 3 4 5 |  5.5
Necromancy     | 1 2 3 4 5 |  5.5
Translocations | 1 2 3 4 5 |  5.5
Transmutations | 1 2 3 4 5 |  5.5
Fire Magic     | 1 2 3 4 5 |  5.5
Ice Magic      | 1 2 3 4 5 |  5.5
Air Magic      | 1 2 3 4 5 |  5.5
Earth Magic    | 1 2 3 4 5 |  5.5
Poison Magic   | 1 2 3 4 5 |  5.5
Dodging        | 5 6 7 8 |  8.1
Stealth        | 5 6 7 |  7.9
Conjurations   | 8 9 |  9.1

Action                   |  1- 3 |  4- 6 |  7- 9 | 10-12 || total
-------------------------+-------+-------+-------+-------++-------
Melee: Short sword       |    45 |       |       |       ||    45
       Bite              |     4 |     5 |    10 |    44 ||    63
       Flail             |       |   118 |   117 |       ||   235
       Punch             |       |     1 |     6 |    13 ||    20
       Staff             |       |       |    19 |       ||    19
       Scimitar          |       |       |    77 |    57 ||   134
       Demon whip        |       |       |       |   289 ||   289
 Cast: Magic Dart        |    36 |    18 |     8 |     4 ||    66
       Searing Ray       |     1 |     2 |    28 |     5 ||    36
       Tukima's Dance    |       |       |     2 |     1 ||     3
       Petrify           |       |       |       |     1 ||     1
Invok: Stomp             |     1 |       |       |       ||     1
Evoke: Wand              |       |       |     5 |     6 ||    11
  Use: Scroll            |       |     8 |     7 |     5 ||    20
       Potion            |       |       |     2 |     3 ||     5
 Stab: Sleeping          |     6 |     5 |     7 |    10 ||    28
       Paralysed         |       |     3 |     5 |    18 ||    26
       Distracted        |       |       |     1 |       ||     1
       Petrified         |       |       |       |     3 ||     3
Armor: Robe              |     3 |       |       |       ||     3
       Ring mail         |     2 |    49 |    99 |    23 ||   173
       Acid dragon scale |       |       |       |    75 ||    75
Dodge: Dodged            |    27 |    86 |   172 |   221 ||   506
       Rpst.: Scimitar   |       |       |    15 |    14 ||    29

Table legend: (Time is in decaauts)
 A = Elapsed time spent in this place.
 B = Non-inter-level travel time spent in this place.
 C = Inter-level travel time spent in this place.
 D = Time resting spent in this place.
 E = Time spent auto-exploring this place.
 F = Levels seen in this place.
 G = Mean time per level.
                   A        B        C        D        E       F      G
               +--------+--------+--------+--------+--------+-----+--------+
         Total |  12619 |  12299 |    320 |    398 |   9482 |  13 |  970.7 |
       Dungeon |  10689 |  10388 |    301 |    254 |   8252 |   9 | 1187.7 |
          Lair |   1862 |   1843 |     19 |    144 |   1230 |   3 |  620.7 |
      Gauntlet |     67 |     67 |      0 |      0 |      0 |   1 |   67.0 |
               +--------+--------+--------+--------+--------+-----+--------+

Top non-repeatable levels by time:
     D:5: 1925 daAuts
     D:2: 1501 daAuts
     D:6: 1338 daAuts
     D:7: 1229 daAuts
     D:4: 1212 daAuts
     D:1: 1171 daAuts
     D:8: 1106 daAuts
     D:3: 1061 daAuts
  Lair:1: 1042 daAuts
  Lair:2: 680 daAuts
     D:9: 143 daAuts
  Lair:3: 139 daAuts
Gauntlet: 67 daAuts
